 Dungeon Crawl Stone Soup version 0.22-a0-247-gbddf880757 (webtiles) character file.

3049 Peterchen the Severer (level 9, 0/105 HPs)
             Began as a Minotaur Berserker on Feb 25, 2018.
             Was a Priest of Trog.
             Succumbed to a scorpion's poison
             ... on level 8 of the Dungeon.
             The game lasted 00:13:15 (5517 turns).

Peterchen the Severer (Minotaur Berserker)          Turns: 5517, Time: 00:13:15

Health: 0/105      AC: 12    Str: 31    XL:     9   Next: 57%
Magic:  8/8        EV:  9    Int:  4    God:    Trog [***...]
Gold:   121        SH:  0    Dex:  9    Spells: 8/8 levels left

rFire    . . .     SeeInvis .   u - +0 war axe
rCold    . . .     Gourm    .   (no shield)
rNeg     . . .     Faith    .   e - +0 chain mail
rPois    .         Spirit   .   (helmet restricted)
rElec    .         Reflect  .   k - +0 cloak
rCorr    .         Harm     .   s - +1 pair of gloves
MR       .....                  (no boots)
Stlth    ..........             (no amulet)
HPRegen  0.27/turn              (no ring)
MPRegen  0.11/turn              (no ring)

@: berserking, lethally poisoned (0 -> -13), very quick
A: retaliatory headbutt, horns 2
a: Berserk, Trog's Hand, Renounce Religion


You were on level 8 of the Dungeon.
You worshipped Trog.
Trog was most pleased with you.
You were very hungry.

You visited 1 branch of the dungeon, and saw 8 of its levels.

You collected 301 gold pieces.
You spent 180 gold pieces at shops.

Inventory:

Hand Weapons
 u - a +0 war axe (weapon)
Armour
 e - a +0 chain mail (worn)
 k - a +0 cloak (worn)
 s - a +1 pair of gloves (worn)
Wands
 p - a wand of random effects (17)
 v - a wand of acid (10)
Scrolls
 b - 3 scrolls of enchant armour
 d - a scroll of blinking
 f - a scroll of enchant weapon
 i - 3 scrolls of fear
 l - 3 scrolls of magic mapping
 n - 5 scrolls of remove curse
 o - a scroll of immolation
 q - a scroll of fog
 r - 5 scrolls of teleportation
 t - a scroll of amnesia {unknown}
Potions
 g - a potion of berserk rage {unknown}
 h - 3 potions of flight {unknown}
 j - 4 potions of curing {unknown}
 m - a potion of heal wounds {unknown}
 w - a potion of cancellation {unknown}
Comestibles
 a - 8 chunks of flesh
 c - 6 rations


   Skills:
 - Level 3.6 Fighting
 * Level 15.4 Axes
 - Level 2.4 Armour
 - Level 2.1 Dodging


You had 8 spell levels left.
You didn't know any spells.

Dungeon Overview and Level Annotations

Branches:
Dungeon (8/15)             Temple (0/1) D:7
   Lair: D:8-11

Altars:
Ashenzari
Dithmenos
Fedhas
Hepliaklqana
Makhleb
Nemelex Xobeh
Qazlal
Vehumet
Wu Jian
Xom
Yredelemnul
The Shining One

Shops:
D:7 ?:==*


Innate Abilities, Weirdness & Mutations

You reflexively headbutt those who attack you in melee.
You have a pair of horns on your head.


Message History

The black bear claws you but does no damage.
A red film seems to cover your vision as you go berserk!
You feel yourself moving faster!
You feel mighty!
You are feeling very hungry.
* * * LOW HITPOINT WARNING * * *
You feel sick. The black bear bites you.
* * * LOW HITPOINT WARNING * * *
The black bear claws you but does no damage. x2
You barely miss the black bear. Your headbutt misses the black bear.
The black bear is severely wounded.
* * * LOW HITPOINT WARNING * * *
You feel sick. The black bear misses you. The black bear closely misses you.
The black bear claws you but does no damage.
You slice the black bear!!
You feel the power of Trog in you as your rage grows.
You kill the black bear!
Trog accepts your kill.
* * * LOW HITPOINT WARNING * * *
You feel sick.
You die...

..#..# . ##....## ..
......### ...
........ ... #......
#.. ##$##..#
#..##†.##..#
#.†.@..#..#
#.)###....###########
#.. #....##.........
#.. ###...........#..
... #....#######..##.
.......#..# #..###
....######.# #..#..
....# #.. #..... ##.#
###....#


There were no monsters in sight!

Vanquished Creatures
  Grinder (D:6)
  A hippogriff (D:7)
  Sigmund (D:2)
  Menkaure (D:6)
  A water moccasin (D:7)
  A sky beast (D:7)
  3 ice beasts
  A black bear (D:8)
  7 ogres
  A phantom (D:7)
  5 centaurs
  A bullfrog (D:8)
  A big kobold (D:8)
  2 scorpions
  A crimson imp (D:5)
  3 hounds
  An orc priest (D:8)
  A gnoll shaman (D:7)
  A statue (D:4)
  3 worker ants
  2 hound skeletons
  A howler monkey skeleton (D:4)
  A worker ant zombie (D:5)
  4 gnolls (D:7)
  6 adders
  4 shadow imps
  An adder skeleton (D:7)
  2 worms
  5 leopard geckos
  5 orcs
  3 giant cockroaches
  8 goblins
  5 hobgoblins
  3 jackals (D:2)
  11 kobolds
  10 quokkas
  2 ball pythons
  8 bats
  5 frilled lizards
  A leopard gecko zombie (D:5)
  A quokka skeleton (D:7)
  4 rats (D:1)
  A spectral orc (D:7)
130 creatures vanquished.

Notes
Turn   | Place    | Note
-------+----------+-------------------------------------------
     0 | D:1      | Peterchen the Minotaur Berserker began the quest for the Orb.
     0 | D:1      | Reached XP level 1. HP: 19/19 MP: 0/0
   159 | D:1      | Reached skill level 4 in Axes
   292 | D:1      | Reached XP level 2. HP: 26/26 MP: 1/1
   694 | D:2      | Reached skill level 5 in Axes
   694 | D:2      | Reached XP level 3. HP: 31/31 MP: 2/2
   834 | D:2      | Reached ** piety under Trog
   853 | D:2      | Found a blossoming altar of Fedhas.
   858 | D:2      | Found a glowing golden altar of the Shining One.
   863 | D:2      | Found an ornate altar of the Wu Jian Council.
   935 | D:2      | Noticed Sigmund
   941 | D:2      | Killed Sigmund
   941 | D:2      | Reached skill level 7 in Axes
   941 | D:2      | Reached XP level 4. HP: 29/39 MP: 3/3
   941 | D:2      | Reached XP level 5. HP: 33/45 MP: 4/4
  1563 | D:3      | Reached skill level 8 in Axes
  1589 | D:3      | Reached XP level 6. HP: 51/51 MP: 5/5
  1898 | D:4      | Found a sparkling altar of Nemelex Xobeh.
  2027 | D:4      | Reached skill level 9 in Axes
  2040 | D:4      | Found a burning altar of Makhleb.
  2135 | D:4      | Found a shimmering altar of Xom.
  2136 | D:4      | Found a hazy altar of Hepliaklqana.
  2136 | D:4      | Noticed a yak
  2137 | D:4      | Noticed a yak
  2137 | D:4      | Noticed a spectral ugly thing
  2234 | D:4      | Found a radiant altar of Vehumet.
  2384 | D:4      | Reached XP level 7. HP: 30/57 MP: 6/6
  2405 | D:4      | Found a stormy altar of Qazlal.
  2539 | D:5      | Entered Level 5 of the Dungeon
  2609 | D:5      | Found a shattered altar of Ashenzari.
  2662 | D:5      | Found a shadowy altar of Dithmenos.
  2683 | D:5      | Reached skill level 10 in Axes
  3752 | D:6      | Noticed Grinder
  3762 | D:6      | Killed Grinder
  3762 | D:6      | Reached skill level 11 in Axes
  3762 | D:6      | Reached XP level 8. HP: 64/64 MP: 7/7
  3811 | D:6      | Noticed Menkaure
  4060 | D:7      | Reached skill level 12 in Axes
  4067 | D:7      | Noticed a hippogriff
  4080 | D:7      | Killed a hippogriff
  4121 | D:7      | Reached skill level 13 in Axes
  4132 | D:7      | Reached *** piety under Trog
  4166 | D:7      | Reached XP level 9. HP: 70/70 MP: 8/8
  4398 | D:7      | Found Iplyam's Magic Scroll Shoppe.
  4401 | D:7      | Found Kameraup's Book Shoppe.
  4404 | D:7      | Bought a scroll of identify for 30 gold pieces
  4404 | D:7      | Bought a scroll of identify for 30 gold pieces
  4404 | D:7      | Bought a scroll of teleportation for 45 gold pieces
  4404 | D:7      | Bought a scroll of identify for 30 gold pieces
  4404 | D:7      | Bought a scroll of teleportation for 45 gold pieces
  4422 | D:7      | Found Loru's Jewellery Emporium.
  4427 | D:7      | Reached skill level 14 in Axes
  4488 | D:7      | Found a staircase to the Ecumenical Temple.
  4540 | D:7      | Found a basalt altar of Yredelemnul.
  4562 | D:7      | Found Sigedeff's Jewellery Shoppe.
  4573 | D:7      | Found Ufugya's Assorted Antiques.
  4971 | D:6      | Killed Menkaure
  5449 | D:8      | Reached skill level 15 in Axes
  5513 | D:8      | HP: 3/70 [black bear (3)]
  5516 | D:8      | HP: 1/105 [poisoned by a scorpion]
  5517 | D:8      | Succumbed to a scorpion's poison

Vault maps used:
D:1:      nzn_arrival_settlement
D:2:      minmay_overflow_temple_star_quad, uniq_sigmund
D:3:      item_on_display_b
D:4:      regret_index_temple_of_mockery, vehumet_statue,
          overflow_temple_1_default, overflow_temple_1_default, first_ration,
          minivault_14, corexii_hall_statues_l, roderic_serpentine_path,
          makhleb_blood_cavern_becter
D:5:      ashenzari_conservatory_becter, grunt_dithmenos_smoke, serial_glass,
          glass_columns_c, glass_columns_b, glass_columns_b
D:6:      uniq_grinder, uniq_menkaure
D:7:      kennysheep_six_static_rooms, yredelemnul_forgotten_temple_becter,
          minmay_temple_entry_fiery, serial_shops,
          nicolae_shop_overgrown_old_shop, nicolae_shop_waterfront,
          nicolae_shop_waterfront, nicolae_shop_trees, shop, abandoned_shop
D:8:      black_bear_nest_1

Skill      XL: |  1  2  3  4  5  6  7  8  9 |
---------------+----------------------------+-----
Axes           | 4 5 7 8 9 11 13 15 | 15.4
Fighting       | |  3.6
Armour         | |  2.4
Dodging        | |  2.1

Action                   |  1- 3 |  4- 6 |  7- 9 || total
-------------------------+-------+-------+-------++-------
Melee: Hand axe          |    83 |    80 |   142 ||   305
       Headbutt          |    10 |    20 |    42 ||    72
       War axe           |       |       |    68 ||    68
Invok: Berserk           |     1 |       |     7 ||     8
Evoke: Wand              |       |     3 |       ||     3
  Use: Scroll            |       |     4 |     4 ||     8
  Eat: Chunk             |       |     6 |     4 ||    10
       Ration            |       |       |     3 ||     3
Armor: Ring mail         |    31 |    22 |       ||    53
       Chain mail        |       |       |    89 ||    89
Dodge: Dodged            |    45 |    48 |    62 ||   155

Table legend:
 A = Spawn XP
 B = Non-spawn XP
 C = Spawn XP percentage of total XP
 D = Spawn monster count
 E = Non-spawn monster count
 F = Spawn count percentage of total count
 G = Total turns spent on level
                    A         B        C        D         E        F      G
               +---------+---------+-------+---------+---------+-------+---------
         Total |       0 |    4357 |   0.0 |       0 |     130 |   0.0 |  5517
               +---------+---------+-------+---------+---------+-------+---------
           D:1 |       0 |      32 |   0.0 |       0 |      21 |   0.0 |   675
           D:2 |       0 |     290 |   0.0 |       0 |      26 |   0.0 |   733
           D:3 |       0 |      67 |   0.0 |       0 |      11 |   0.0 |   490
           D:4 |       0 |     374 |   0.0 |       0 |       8 |   0.0 |   641
           D:5 |       0 |     306 |   0.0 |       0 |       6 |   0.0 |  1096
           D:6 |       0 |     741 |   0.0 |       0 |       8 |   0.0 |   573
           D:7 |       0 |    1828 |   0.0 |       0 |      31 |   0.0 |   985
           D:8 |       0 |     719 |   0.0 |       0 |      19 |   0.0 |   324
               +---------+---------+-------+---------+---------+-------+---------
